 Dungeon Sprint DCSS version 0.30-a0-297-g0ec75d9ef4 (webtiles) character file.

Game seed: 16607581970974971358

420 Low2 the Cruncher (level 6, -8/72 HPs)
             Began as an Ogre Gladiator on Oct 19, 2022.
             Was an Initiate of Elyvilon.
             Mangled by a slime creature (12 damage)
             ... in the Dungeon (Sprint I: "Red Sonja").
             The game lasted 00:02:19 (392 turns).

Low2 the Cruncher (Ogre Gladiator)                   Turns: 392, Time: 00:02:20

Health: -8/72      AC:  3    Str: 19    XL:     6   Next: 94%
Magic:  6/6        EV: 12    Int:  9    God:    Elyvilon [......]
Gold:   309        SH:  0    Dex: 12    Spells: 5/5 levels left

rFire   . . .      SeeInvis .    a - +0 quarterstaff
rCold   . . .      Faith    .    (shield currently unavailable)
rNeg    . . .      Spirit   .    b - +0 robe
rPois   .          Reflect  .    c - +0 hat
rElec   .          Harm     .    (no cloak)
rCorr   .          Rampage  .    (gloves unavailable)
Will    .....      NoTele   +    (boots unavailable)
Stlth   ++........               (no amulet)
HPRegen 0.32/turn                (no ring)
MPRegen 0.10/turn                (no ring)

@: no status effects
A: large, unfitting armour, tough skin 1
a: Renounce Religion


You were in the Dungeon.
You worshipped Elyvilon.
Elyvilon was noncommittal.
You visited 1 branch You collected 309 gold pieces.

Inventory:

Hand Weapons
 a - a +0 quarterstaff (weapon)
Missiles
 e - a large rock
Armour
 b - a +0 robe (worn)
 c - a +0 hat (worn)
Potions
 h - a potion of haste
 i - 2 potions of magic
 j - a potion of berserk rage


   Skills:
 + Level 7.6 Fighting
 + Level 9.9 Staves
 + Level 4.8 Throwing
 + Level 7.5 Dodging
 + Level 2.0 Stealth


You had 5 spell levels left.
You didn't know any spells.
Your spell library contained the following spells:

 Spells                   Type           Power      Damage    Failure   Level
 Inner Flame              Hex/Fire       0%         N/A       77%         3
 Ignition                 Fire           0%         3d3       100%        8


Dungeon Overview and Level Annotations

Branches:
Dungeon (1/1)

Altars:
Cheibriados
Dithmenos
Elyvilon
Fedhas
Gozag
Hepliaklqana
Kikubaaqudgha
Makhleb
Nemelex Xobeh
Okawaru
Qazlal
Ru
Sif Muna
Trog
Uskayaw
Vehumet
Wu Jian
Xom
Yredelemnul
Zin
The Shining One
Jiyva
Lugonu

Shops:
D *


Innate Abilities, Weirdness & Mutations

You are too large for most types of armour.
You have tough skin. (AC +1)


Message History

You completely miss the slime creature. The slime creature hits you!!
You barely miss the slime creature. The slime creature hits you!!
You sock the slime creature!
The slime creature is lightly wounded.
You barely miss the slime creature.
The slime creature is lightly wounded.
The slime creature hits you!
* * * LOW HITPOINT WARNING * * *
You feel better. The slime creature hits you!
* * * LOW HITPOINT WARNING * * *
Blink to where?
Press: ? - help, Dir - move target
As you read the scroll of blinking, it crumbles to dust.
Aiming: Throw Flame
Press: ? - help, Q - select action, (/) - cycle Shift-Dir - straight line, f - slime creature
Aim: a slime creature (lightly wounded, 93% to hit)
The puff of flame hits the slime creature!
The slime creature is moderately wounded.
Aiming: Throw Flame
Press: ? - help, Q - select action, (/) - cycle Shift-Dir - straight line, f/p - slime creature
Aim: a slime creature (moderately wounded, 93% to hit)
The puff of flame hits the slime creature.
The slime creature is moderately wounded.
Aiming: Throw Flame
Press: ? - help, Q - select action, (/) - cycle Shift-Dir - straight line, f/p - slime creature
Aim: a slime creature (moderately wounded, 93% to hit)
The puff of flame hits the slime creature!
The slime creature is heavily wounded.
You sock the slime creature!
The slime creature is severely wounded.
The slime creature hits you!
* * * LOW HITPOINT WARNING * * *
Aiming: Throw Flame
Press: ? - help, Q - select action, (/) - cycle Shift-Dir - straight line, f/p - slime creature
Aim: a slime creature (severely wounded, 93% to hit)
The puff of flame hits the slime creature.
The slime creature is severely wounded.
The now-empty wand crumbles to dust.
The slime creature hits you!
You die...

###################
#<.#.)').#.)'..#__#
#..'..#..'..#..'..+
#..#####'#####'#__#
#..####..#...#.####
#..#__####..##J#
#..#_____##'#_@+
#⌠⌠#_.∩...'..._#
####_..__##_.#'#
#_____###+#)#
####### ###


You could see a slime creature.

Vanquished Creatures
  Sigmund (D)
  A yak (D)
  An ogre (D)
  A jelly (D)
  Ijyb (D)
5 creatures vanquished.

Notes
Turn   | Place    | Note
-------+----------+-------------------------------------------
     0 | D        | Low2 the Ogre Gladiator began the quest for the Orb.
     0 | D        | Reached XP level 1. HP: 22/22 MP: 1/1
     2 | D        | Noticed Ijyb
    15 | D        | Killed Ijyb
    16 | D        | Reached skill level 4 in Staves
    16 | D        | Reached XP level 2. HP: 17/32 MP: 2/2
    16 | D        | Reached XP level 3. HP: 21/39 MP: 3/3
    85 | D        | Noticed an ogre
    92 | D        | Killed an ogre
    93 | D        | Reached skill level 5 in Fighting
    93 | D        | Reached skill level 6 in Staves
    93 | D        | Reached skill level 5 in Dodging
    93 | D        | Reached skill level 1 in Stealth
    93 | D        | Reached XP level 4. HP: 50/50 MP: 4/4
   105 | D        | Noticed Sigmund
   117 | D        | Killed Sigmund
   118 | D        | Reached skill level 8 in Staves
   118 | D        | Reached XP level 5. HP: 26/61 MP: 5/5
   118 | D        | Reached XP level 6. HP: 29/68 MP: 6/6
   130 | D        | Found an ornate altar of the Wu Jian Council.
   130 | D        | Found a shimmering blue altar of Sif Muna.
   243 | D        | Found a radiant altar of Vehumet.
   251 | D        | Got the Verses on the Inferno
   284 | D        | Found Nofuu's Assorted Antiques.
   284 | D        | Found an ancient bone altar of Kikubaaqudgha.
   284 | D        | Found a hazy altar of Hepliaklqana.
   284 | D        | Found a stormy altar of Qazlal.
   284 | D        | Found a hide-covered altar of Uskayaw.
   284 | D        | Found a blossoming altar of Fedhas.
   284 | D        | Found a bloodstained altar of Trog.
   284 | D        | Found an iron altar of Okawaru.
   284 | D        | Found a basalt altar of Yredelemnul.
   284 | D        | Found a glowing golden altar of the Shining One.
   284 | D        | Found a snail-covered altar of Cheibriados.
   284 | D        | Found a sacrificial altar of Ru.
   284 | D        | Found a glowing silver altar of Zin.
   284 | D        | Found a shadowy altar of Dithmenos.
   284 | D        | Found a white marble altar of Elyvilon.
   284 | D        | Noticed a yak
   291 | D        | Killed a yak
   292 | D        | Reached skill level 9 in Staves
   292 | D        | Found an opulent altar of Gozag.
   293 | D        | Found a sparkling altar of Nemelex Xobeh.
   362 | D        | Became a worshipper of Elyvilon the Healer
   380 | D        | Found a burning altar of Makhleb.
   380 | D        | Found a viscous altar of Jiyva.
   380 | D        | Found a shimmering altar of Xom.
   380 | D        | Found a corrupted altar of Lugonu.
   380 | D        | Noticed a slime creature
   392 | D        | Mangled by a slime creature

Illustrated notes

Levels and vault maps discovered:
D:        dungeon_sprint_1 [red_sonja_temple_1, red_sonja_temple_small_1]

Skill      XL: |  1  2  3  4  5  6 |
---------------+-------------------+-----
Fighting       | 3 5 6 7 |  7.6
Staves         | 4 6 8 9 |  9.9
Dodging        | 4 5 6 7 |  7.5
Throwing       | 3 4 |  4.8
Stealth        | 1 2 |  2.0

Action                   |  1- 3 |  4- 6 || total
-------------------------+-------+-------++-------
Melee: Quarterstaff      |    13 |    21 ||    34
Throw: Throwing net      |     2 |     1 ||     3
       Large rock        |       |     2 ||     2
Evoke: Wand              |       |     4 ||     4
  Use: Potion            |     1 |     1 ||     2
       Scroll            |       |     1 ||     1
 Stab: Held in net/web   |     1 |       ||     1
Armor: Robe              |       |     1 ||     1
Dodge: Dodged            |     3 |     4 ||     7

Table legend: (Time is in decaauts)
 A = Elapsed time spent in this place.
 B = Non-inter-level travel time spent in this place.
 C = Inter-level travel time spent in this place.
 D = Time resting spent in this place.
 E = Time spent auto-exploring this place.
 F = Levels seen in this place.
 G = Mean time per level.
                   A        B        C        D        E       F      G
               +--------+--------+--------+--------+--------+-----+--------+
         Total |    392 |    392 |      0 |    221 |      0 |   1 |  392.0 |
       Dungeon |    392 |    392 |      0 |    221 |      0 |   1 |  392.0 |
               +--------+--------+--------+--------+--------+-----+--------+

Top non-repeatable levels by time:
       D: 392 daAuts
